 Dungeon Crawl Stone Soup version 0.29-a0-541-gaf1fc19f1b (webtiles) character file.

Game seed: 8183897949272300300

79 happo123 the Sneak (level 4, -5/25 HPs)
             Began as a Kobold Enchanter on June 3, 2022.
             Killed by divine providence
             ... invoked by an orc priest
              (11 damage)
             ... on level 2 of the Dungeon.
             The game lasted 00:05:33 (1537 turns).

happo123 the Sneak (Kobold Enchanter)               Turns: 1537, Time: 00:05:34

Health: -5/25      AC:  3    Str:  5    XL:     4   Next: 62%
Magic:  1/7        EV: 30    Int: 18    God:
Gold:   46         SH:  0    Dex: 15    Spells: 3/8 levels left

rFire   . . .      SeeInvis .   a - +1 dagger
rCold   . . .      Faith    .   (no shield)
rNeg    . . .      Spirit   .   b - +0 robe
rPois   .          Reflect  .   (no helmet)
rElec   .          Harm     .   d - +0 cloak
rCorr   .          Rampage  .   (no gloves)
Will    .....                   (no boots)
Stlth   ++++......              g - amulet of the acrobat
HPRegen 0.08/turn               (no ring)
MPRegen 0.10/turn               (no ring)

@: acrobatic, invisible
A: small, no large weapons, nightstalker 3
a: no special abilities


You were on level 2 of the Dungeon.
You visited 1 branch of the dungeon, and saw 2 of its levels.

You collected 46 gold pieces.

Inventory:

Hand Weapons
 a - a +1 dagger (weapon)
Armour
 b - a +0 robe (worn)
 d - a +0 cloak (worn)
 l - a +0 buckler
Jewellery
 g - an amulet of the acrobat (around neck)
 k - an amulet of guardian spirit
Scrolls
 e - a scroll of identify {unknown}
 i - a scroll of immolation {unknown}
Potions
 c - a potion of invisibility
 f - 2 potions of lignification {unknown}
 h - a potion of curing {unknown}
 j - a potion of brilliance {unknown}


   Skills:
 + Level 1.3 Fighting
 + Level 2.2 Short Blades
 + Level 3.0 Dodging
 + Level 4.5 Stealth
 + Level 0.1 Shields
 + Level 2.5 Spellcasting
 * Level 3.7 Hexes


You had 3 spell levels left.
You knew the following spells:

 Your Spells              Type           Power      Damage    Failure   Level
a - Ensorcelled Hibernat  Hex/Ice        18%        N/A       12%         2
b - Confusing Touch       Hex            15%        N/A       11%         3

Your spell library contained the following spells:

 Spells                   Type           Power      Damage    Failure   Level
 Tukima's Dance           Hex            15%        N/A       11%         3
 Apportation              Tloc           4%         N/A       17%         1
 Dazzling Flash           Conj/Hex       18%        N/A       24%         3
 Alistair's Intoxication  Tmut/Pois      1%         N/A       99%         5


Dungeon Overview and Level Annotations

Branches:
Dungeon (2/15)

Altars:

Annotations:
D:2 Robin


Innate Abilities, Weirdness & Mutations

You are small and have problems with some larger weapons.
You are completely attuned to the shadows.


Message History

The hobgoblin hits the bush but does no damage.
There is an open door here.
Robin throws the goblin at you! The goblin completely misses you.
Aiming: Ensorcelled Hibernation (safe; 12% risk of failure)
Press: ? - help, Q - select action Shift-Dir - straight line, f - goblin
Aim: a goblin, wielding a +0 club and quivering boomerangs (chance to affect: 61%)
The goblin resists with significant effort.
The goblin misses you. The goblin hits you but does no damage.
Aiming: Ensorcelled Hibernation (safe; 12% risk of failure)
Press: ? - help, Q - select action Shift-Dir - straight line, f/p - goblin
Aim: a goblin, wielding a +0 club and quivering boomerangs (chance to affect: 61%)
The goblin looks drowsy...
The goblin misses you.
The orc priest begins to cast a cantrip, but forgets the words!
The goblin shouts!
The helpless goblin fails to defend itself.
You impale the goblin!!
You kill the goblin!
Robin throws the goblin at you! The goblin misses you.
You hit the goblin but do no damage. The orc hits you with a +0 club.
The goblin closely misses you.
A hobgoblin comes into view. It is carrying a wand of digging (6).
Aiming: Ensorcelled Hibernation (safe; 12% risk of failure)
Press: ? - help, Q - select action Shift-Dir - straight line, f - goblin
Aim: a goblin, wielding a +0 club and wearing a +0 leather armour (chance to affect: 61%)
The goblin resists with significant effort.
The orc closely misses you. The goblin completely misses you.
You fade into invisibility!
The orc misses you. The goblin hits you with a +0 club.
* * * LOW HITPOINT WARNING * * *
You hit the goblin but do no damage.
The goblin unwields a +0 club.
The goblin wields a +0 hunting sling.
The goblin shoots a sling bullet.
The sling bullet hits the orc.
The orc hits you with a +0 club.
* * * LOW HITPOINT WARNING * * *
The orc priest invokes the aid of Beogh against the goblin.
The goblin writhes in agony!
The goblin dies!
The orc priest mumbles some strange prayers to Beogh against you.
Beogh smites you!
You die...

.............#..#+##
........#....#.....#
.♣.♣.♣.♣.♣.♣.#.....#
.............#)....#
.♣.♣.♣#♣.♣.♣.#)#..##
..........#.#♣)♣..#
..........#.......#
......g...##.♣.♣..####
.....#@#####.#.#.....##
..####o# #.♣.♣..##.#.
.....#'#####.#.##.##...
.....ogg..P..♣ ♣#>...##
.g...o.PP♣P #...###
......P.♣♣ ...###
........♣ ####
....PP♣♣♣ ....P♣♣


You could see Robin (can't see you), 2 orc priests, an orc (can't see you), a
hobgoblin (can't see you) and a goblin (wandering, can't see you).

Vanquished Creatures
  A gnoll (D:1)
  2 adders (D:2)
  4 endoplasms
  2 giant cockroaches (D:1)
  7 goblins
  5 hobgoblins
  10 jackals
  A kobold (D:1)
  A quokka (D:1)
  4 ball pythons
  A bat (D:2)
  A frilled lizard (D:1)
  5 rats
44 creatures vanquished.

Vanquished Creatures (others)
  A goblin (D:2)
  A plant (D:2)
2 creatures vanquished.

Grand Total: 46 creatures vanquished

Notes
Turn   | Place    | Note
-------+----------+-------------------------------------------
     0 | D:1      | happo123 the Kobold Enchanter began the quest for the Orb.
     0 | D:1      | Reached XP level 1. HP: 10/10 MP: 3/3
   170 | D:1      | Reached XP level 2. HP: 16/16 MP: 5/5
   173 | D:1      | Learned a level 2 spell: Ensorcelled Hibernation
   665 | D:1      | Reached XP level 3. HP: 20/20 MP: 6/6
   671 | D:1      | Learned a level 3 spell: Confusing Touch
   691 | D:1      | Found a faded altar of an unknown god.
   926 | D:1      | You fall into a shaft and drop 1 floor!
   994 | D:2      | Reached skill level 1 in Fighting
  1193 | D:2      | Reached XP level 4. HP: 25/25 MP: 7/7
  1522 | D:2      | Noticed Robin
  1537 | D:2      | Killed from afar by an orc priest

Illustrated notes

Levels and vault maps discovered:
D:1:      dpeg_arrival_lava_temple_mockup, layout_basic,
          ebering_ecumenical_altar_box, serial_bayou_crossing
D:2:      layout_basic, serial_forest, infiniplex_forest_zigzag_1,
          infiniplex_forest_lined_3, infiniplex_forest_clump_diagonal,
          infiniplex_forest_clump_small, infiniplex_forest_clump_tiny,
          infiniplex_forest_lined_2, uniq_robin

Skill      XL: |  1  2  3  4 |
---------------+-------------+-----
Fighting       | 1 |  1.3
Short Blades   | 2 |  2.2
Dodging        | 3 |  3.0
Stealth        | |  4.5
Shields        | |  0.1
Spellcasting   | |  2.5
Hexes          | |  3.7

Action                   |  1- 3 |  4- 6 || total
-------------------------+-------+-------++-------
Melee: Dagger            |    79 |    31 ||   110
 Cast: Ensorcelled Hiber |     9 |     8 ||    17
  Use: Potion            |       |     1 ||     1
 Stab: Sleeping          |    21 |     4 ||    25
Armor: Robe              |     9 |     6 ||    15
Dodge: Dodged            |    66 |    36 ||   102

Table legend: (Time is in decaauts)
 A = Elapsed time spent in this place.
 B = Non-inter-level travel time spent in this place.
 C = Inter-level travel time spent in this place.
 D = Time resting spent in this place.
 E = Time spent auto-exploring this place.
 F = Levels seen in this place.
 G = Mean time per level.
                   A        B        C        D        E       F      G
               +--------+--------+--------+--------+--------+-----+--------+
         Total |   1530 |   1506 |     24 |     80 |   1123 |   2 |  765.0 |
       Dungeon |   1530 |   1506 |     24 |     80 |   1123 |   2 |  765.0 |
               +--------+--------+--------+--------+--------+-----+--------+

Top non-repeatable levels by time:
     D:1: 925 daAuts
     D:2: 605 daAuts
